 Dungeon Crawl Stone Soup version 0.28.0-53-g5a82cb258f (webtiles) character file.

Game seed: 332405189621310655

32 Peloso the Covered (level 3, 33/33 HPs)
             Began as a Minotaur Fighter on July 29, 2022.
             Got out of the dungeon alive.
             The game lasted 00:01:41 (842 turns).

Peloso the Covered (Minotaur Fighter)                Turns: 842, Time: 00:01:41

Health: 33/33      AC:  8    Str: 20    XL:     3   Next: 10%
Magic:  2/2        EV:  9    Int:  5    God:
Gold:   64         SH:  5    Dex: 13    Spells: 2/2 levels left

rFire   . . .      SeeInvis .   a - +0 long sword
rCold   . . .      Faith    .   c - +0 buckler
rNeg    . . .      Spirit   .   b - +1 scale mail
rPois   .          Reflect  .   (helmet unavailable)
rElec   .          Harm     .   (no cloak)
rCorr   .          Rampage  .   (no gloves)
Will    .....                   (no boots)
Stlth   +.........              (no amulet)
HPRegen 0.11/turn               (no ring)
MPRegen 0.08/turn               (no ring)

@: flying
A: horns 3, retaliatory headbutt, thin skeletal structure 1
a: no special abilities


You escaped.
You visited 1 branch of the dungeon, and saw 1 of its levels.

You collected 64 gold pieces.

Inventory:

Hand Weapons
 a - a +0 long sword (weapon)
Armour
 b - a +1 scale mail (worn)
 c - a +0 buckler (worn)
Potions
 d - a potion of might


   Skills:
 + Level 4.1 Fighting
 + Level 3.0 Long Blades
 + Level 4.2 Armour
 + Level 4.0 Shields


You had 2 spell levels left.
You didn't know any spells.
Your spell library contained the following spells:

 Spells                   Type           Power      Damage    Failure   Level
 Frozen Ramparts          Ice            0%         1d2       99%         3
 Ice Form                 Ice/Tmut       0%         N/A       100%        4
 Summon Ice Beast         Ice/Summ       0%         N/A       100%        4


Dungeon Overview and Level Annotations

Branches:
Dungeon (1/15)

Altars:


Innate Abilities, Weirdness & Mutations

You have a pair of large horns on your head.
You reflexively headbutt those who attack you in melee.
You have a somewhat thin skeletal structure. (Dex +2, Stealth+)


Message History

You block the bat's attack.
A bat is nearby!
A bat is nearby!
The bat hits you. The bat hits you but does no damage. x2
You hit the bat.
You kill the bat!
There is an open door here.
You see here a staff of death.
Done exploring.
Done exploring.
Done exploring.
As you read the scroll labelled QOLAOH KAYSSO, it crumbles to dust.
The air around you briefly surges with heat, but it dissipates.
It was a scroll of immolation.
As you read the scroll labelled OFAOXU AMIUPAIVAURPH, it crumbles to dust.
Magic quickly surges around you.
It was a scroll of vulnerability.
You drop a scroll of vulnerability.
It was a potion of flight.
You feel very buoyant.
You fly up into the air.
It was a potion of mutation.
You feel extremely strange. The horns on your head grow some more.
Your bones become slightly less dense.
As you read the scroll labelled ORPHIA OLYSUHUFF, it crumbles to dust.
You feel strangely unstable.
It was a scroll of teleportation.
As you read the scroll labelled XASHRA FAF DUAPS, it crumbles to dust.
It is a scroll of enchant armour.
Your +0 scale mail glows green for a moment.
(D) Dungeon
Where to? (? - help)
What level of the Dungeon? (default 1, ? - help)
Your surroundings suddenly seem different.
You can't go up here!
(D) Dungeon
Where to? (Enter - D:1 @ (x,y), ? - help)
There is an open door here.
You feel your willpower return.
There is a staircase leading out of the dungeon here.
Are you sure you want to leave the Dungeon?
This will make you lose the game!
You have escaped!

......#.#.# #..[#####.######
#####.#.#.## #...# #.#
#.#.#..##### #...# #.#
#####.#.#..#8.8###.#.# #รท######
........#.......##.#.#####.##....
#####.#.#.......##.#..#..........
......#.#....8..##.#..#..........
................8#.#..#..........
#######.##......@#.#..#...(......
......#.#.......8#.#..#..........
.####.#.#....8..##.#...###.......
.####.#+#.......##.#.#.###.......
................##.#.#........###
#........#.#8.8###.#.##.##.##.#
_#.....^.#.#######.#.##..#.##.#
#........#.........#.##..#.##.#
...#'##.##.#########.##..#.##.#


There were no monsters in sight!

Vanquished Creatures
  2 ball pythons (D:1)
  3 endoplasms (D:1)
  3 giant cockroaches (D:1)
  2 goblins (D:1)
  A hobgoblin (D:1)
  4 jackals (D:1)
  A kobold (D:1)
  2 quokkas (D:1)
  3 bats (D:1)
  4 frilled lizards (D:1)
  4 rats (D:1)
29 creatures vanquished.

Notes
Turn   | Place    | Note
-------+----------+-------------------------------------------
     0 | D:1      | Peloso the Minotaur Fighter began the quest for the Orb.
     0 | D:1      | Reached XP level 1. HP: 19/19 MP: 0/0
    12 | D:1      | Found a faded altar of an unknown god.
   125 | D:1      | Reached XP level 2. HP: 25/27 MP: 1/1
   453 | D:1      | Reached XP level 3. HP: 33/33 MP: 2/2
   811 | D:1      | Gained mutation: You have a pair of large horns on your
                  | head. [potion of mutation]
   811 | D:1      | Gained mutation: You have a somewhat thin skeletal
                  | structure. (Dex +2, Stealth+) [potion of mutation]
   842 | D:$      | Got out of the dungeon alive.

Illustrated notes

Levels and vault maps discovered:
D:1:      mrwooster_arrival_statue_2, layout_basic,
          chequers_ecumenical_altar_simple, amcnicky_mini_pool_small

Skill      XL: |  1  2  3 |
---------------+----------+-----
Armour         | 4 |  4.2
Fighting       | 4 |  4.1
Shields        | 4 |  4.0
Long Blades    | 3 |  3.0

Action                   || total
-------------------------++-------
Melee: Long sword        ||    43
       Headbutt          ||     6
  Use: Scroll            ||     4
       Potion            ||     2
Armor: Scale mail        ||    18
Dodge: Dodged            ||    21
Block: Buckler           ||    13
